 Dungeon Crawl Stone Soup version 0.20.1-1-g8b1a95d (webtiles) character file.

43 Tr0llz0r the Skirmisher (level 3, -1/30 HPs)
             Began as a Demonspawn Abyssal Knight on Oct 31, 2017.
             Was a Follower of Lugonu.
             Slain by a goblin
             ... wielding a +1 dagger of electrocution
              (8 damage)
             ... on level 2 of the Dungeon.
             The game lasted 00:04:38 (1679 turns).

Tr0llz0r the Skirmisher (Demonspawn Abyssal Knight) Turns: 1679, Time: 00:04:38

Health: -1/30      AC:  4    Str: 15    XL:     3   Next: 37%
Magic:  4/4        EV: 11    Int: 13    God:    Lugonu [*.....]
Gold:   154        SH:  0    Dex: 12    Spells: 2/2 levels left

rFire    + . .     SeeInvis .   a - +1 falchion
rCold    . . .     Gourm    .   (no shield)
rNeg     . . .     Faith    .   b - +0 leather armour
rPois    .         Spirit   .   (helmet restricted)
rElec    .         Reflect  .   (no cloak)
rCorr    .         Harm     .   (no gloves)
MR       .....     Rnd*Rage +   d - +0 pair of boots
Stlth    +.........             (no amulet)
Regen    0.1/turn               (no ring)
MPRegen  0.1/turn               (no ring)

@: no status effects
A: horns 1, berserk 1, deterioration 1, fire resistance 1, strong 1
a: Depart the Abyss, Renounce Religion


You were on level 2 of the Dungeon.
You worshipped Lugonu.
Lugonu was aware of your devotion.
You were not hungry.

You visited 1 branch of the dungeon, and saw 2 of its levels.
You visited the Abyss 1 time.

You collected 154 gold pieces.

Inventory:

Hand Weapons
 a - a +1 falchion (weapon)
Armour
 b - a +0 leather armour (worn)
 d - a +0 pair of boots (worn)
Scrolls
 i - a scroll of amnesia {unknown}
 j - 5 scrolls of identify {unknown}
 l - a scroll of noise {unknown}
 m - a scroll of teleportation {unknown}
 n - a scroll of enchant weapon {unknown}
Potions
 g - a potion of resistance {unknown}
 k - a potion of flight {unknown}
Comestibles
 h - 2 meat rations
 o - a royal jelly


   Skills:
 + Level 3.8 Fighting
 + Level 2.0 Long Blades
 + Level 2.4 Armour
 + Level 1.0 Dodging
 + Level 2.4 Invocations


You had 2 spell levels left.
You didn't know any spells.

Dungeon Overview and Level Annotations

Branches:
Dungeon (2/15)

Altars:


Innate Abilities, Weirdness & Mutations

You have a pair of small horns on your head.
You tend to lose your temper in combat.
Your body sometimes deteriorates upon taking damage.
Your flesh is heat resistant. (rF+)
Your muscles are strong. (Str +2)


Message History

Lugonu accepts your kill. The hobgoblin closely misses you.
The goblin hits you but does no damage.
You feel extremely strange. The horns on your head shrink a bit.
Nature stops experimenting on you.
You feel clumsy.
You feel a little pissed off.
You feel yourself wasting away.
You feel resistant to heat. The hobgoblin barely misses you.
The goblin hits you but does no damage. The hobgoblin misses you.
You hit the goblin.
You kill the goblin!
Lugonu accepts your kill.
The goblin shoots a stone.
The stone closely misses you. The hobgoblin hits you with a club.
* * * LOW HITPOINT WARNING * * *
The hobgoblin hits you but does no damage.
The goblin unwields an uncursed hunting sling.
The goblin wields an uncursed dagger of electrocution.
You hear the crackle of electricity.
The goblin hits you but does no damage.
You are electrocuted!
You die...

.............##################.#
.........#...# ####### ..
#####........# ##.....## ..
#..<....#...# #..###..# <.
#.#.##..##..###.##.##.###
#.#.##......#...#...#...## .
#.#.##.####...####'####..# #
#.#....####..##g#...# ##.# #
#.#..###.(...'.@gg..+ #.# #.#...
#.....##g#...# ##.# #.#.##
#......####'####..# #..
####.#...#...#...## ##
#.###.##.##.### #.# #..###..# #.
##.....## #. ####### #.


You could see 2 hobgoblins and 2 goblins.

Vanquished Creatures
  A dart slug (D:2)
  A leopard gecko (D:2)
  2 ball pythons
  2 bats
  8 goblins
  9 hobgoblins
  4 jackals (D:1)
  A frilled lizard (D:2)
  2 kobolds
  3 rats
33 creatures vanquished.

Notes
Turn   | Place    | Note
-------+----------+-------------------------------------------
     0 | Abyss:1  | Tr0llz0r the Demonspawn Abyssal Knight began the quest for the Orb.
     0 | Abyss:1  | Reached XP level 1. HP: 18/18 MP: 2/2
     0 | D:1      | Escaped the Abyss
   137 | D:1      | Gained mutation: You have a pair of small horns on your head. [demonic ancestry]
   137 | D:1      | Reached XP level 2. HP: 13/24 MP: 3/3
   740 | D:1      | Reached * piety under Lugonu
   905 | D:2      | Reached skill level 1 in Dodging
  1247 | D:2      | Reached XP level 3. HP: 12/29 MP: 4/4
  1672 | D:2      | Gained mutation: You evolve. [potion of mutation]
  1672 | D:2      | Gained mutation: Your muscles are strong. (Str +2) [potion of mutation]
  1672 | D:2      | Gained mutation: You are agile. (Dex +2) [potion of mutation]
  1672 | D:2      | Gained mutation: You have a pair of horns on your head. [potion of mutation]
  1677 | D:2      | Lost mutation: You have a pair of horns on your head. [potion of mutation]
  1677 | D:2      | Lost mutation: You evolve. [potion of mutation]
  1677 | D:2      | Lost mutation: You are agile. (Dex +2) [potion of mutation]
  1677 | D:2      | Gained mutation: You tend to lose your temper in combat. [potion of mutation]
  1677 | D:2      | Gained mutation: Your body sometimes deteriorates upon taking damage. [potion of mutation]
  1677 | D:2      | Gained mutation: Your flesh is heat resistant. (rF+) [potion of mutation]
  1679 | D:2      | Slain by a goblin

Skill      XL: |  1  2 |
---------------+-------+-----
Armour         | 2 |  2.4
Dodging        | 1 |  1.0
Long Blades    | 2 |  2.0
Fighting       | |  3.8
Invocations    | |  2.4

Action                   || total
-------------------------++-------
Melee: Falchion          ||    83
       Headbutt          ||    10
Invok: Depart the Abyss  ||     1
  Use: Potion            ||     3
  Eat: Bread ration      ||     1
Armor: Leather armour    ||    42
Dodge: Dodged            ||    96
       Rpst.: Falchion   ||    22
